Blackhawks vs Panthers
Created - March 29, 2018 at 23:57
Goals
|
| Blackhawks |
0 |
2 |
1 |
3 |
| Panthers |
1 |
1 |
4 |
6 |
|
Shots
|
| Blackhawks |
8 |
17 |
13 |
38 |
| Panthers |
12 |
11 |
17 |
40 |
|
1st period
1. Panthers , Tomas Kopecky 12 (Brayden Schenn 17, Jeff Tambellini 7) at 16:44
Penalties :
Tomas Kaberle (Chi) for Holding (Minor) at 7:26, Patrick Marleau (Flo) for Hooking (Minor) at 10:09, Tomas Kaberle (Chi) for Holding Stick (Minor) at 12:52
2nd period
2. Blackhawks , Derick Brassard 29 (Antoine Roussel 40, Chad Larose 10) at 0:33
3. Blackhawks , Tomas Fleischmann 13 (Joni Pitkanen 19, Jimmy Howard) at 16:32 (PP)
4. Panthers , Brendan Smith 2 (Brayden Schenn 18, Michal Rozsival 20) at 17:09 (SH)
Penalties :
Alexander Perezhogin (Flo) for Hooking (Minor) at 6:03, Erik Gudbranson (Flo) for Tripping (Minor) at 15:51, Guillaume Latendresse (Flo) for Holding (Minor) at 16:56, Tyler Kennedy (Chi) for Diving (Minor) at 17:54
3rd period
5. Panthers , Jonathan Matsumoto 6 (George Parros 16, Jonathan Sigalet 16) at 5:50
6. Panthers , Guillaume Latendresse 46 (Michal Rozsival 21) at 7:45
7. Panthers , Brayden Schenn 13 (Tomas Kopecky 14, Jeff Tambellini 8) at 10:26
8. Panthers , Cory Emmerton 17 (Brendan Smith 21) at 10:42
9. Blackhawks , Derick Brassard 30 (Antoine Roussel 41) at 12:36
Penalties :
No Penalty
Goalie Stats
Jimmy Howard (Chi), 34 saves from 40 shots - (0.850), L, 21-30-11, 60:00 minutes
Petr Mrazek (Flo), 35 saves from 38 shots - (0.921), W, 7-11-2, 60:00 minutes
Players Stats for Blackhawks
Player Name G A P +/- PIM S H SB GA TA FO MP PP MP PK MP
------------------------------------------------------------------------------------
Antoine Roussel 0 2 2 -2 0 9 3 1 0 0 1/2 23:26 2:53 2:19
Chad Larose 0 1 1 -2 0 1 1 0 0 0 2/2 21:17 2:53 0:10
Denis Grebeshkov 0 0 0 -2 0 1 0 0 2 1 0/0 19:13 1:56 2:30
Derick Brassard 2 0 2 -2 0 8 1 1 1 0 20/35 26:17 2:53 2:08
Jaden Schwartz 0 0 0 0 0 1 0 0 0 0 0/0 5:27 0:00 0:38
Joni Pitkanen 0 1 1 -2 0 0 0 2 0 2 0/0 27:27 3:41 2:16
Kevin Marshall 0 0 0 0 0 2 0 0 0 0 0/0 13:27 0:00 0:10
Kyle Brodziak 0 0 0 0 0 0 0 0 0 0 0/0 1:36 0:00 0:10
Ladislav Smid 0 0 0 -2 0 0 0 0 0 1 0/0 19:06 1:56 2:30
Mike Green 0 0 0 -2 0 0 1 2 1 0 0/0 27:27 3:41 2:16
Peter Regin 0 0 0 -1 0 2 0 0 0 0 7/19 18:46 2:44 1:39
Ryan Johansen 0 0 0 -1 0 3 1 0 0 0 3/6 13:42 0:00 1:09
Spencer Machacek 0 0 0 -1 0 1 1 0 0 0 0/0 11:52 0:00 0:00
Steve Ott 0 0 0 0 0 0 0 1 0 0 0/0 4:08 0:00 0:00
Taylor Pyatt 0 0 0 -1 0 2 1 0 0 0 1/2 12:11 0:00 0:10
Tomas Fleischmann 1 0 1 -1 0 3 2 0 0 1 0/2 18:46 2:44 1:39
Tomas Kaberle 0 0 0 0 4 2 1 1 0 0 0/0 13:38 0:00 0:00
Tyler Kennedy 0 0 0 -1 2 3 0 1 1 0 0/0 16:14 2:43 0:00
Players Stats for Panthers
Player Name G A P +/- PIM S H SB GA TA FO MP PP MP PK MP
------------------------------------------------------------------------------------
Alexander Perezhogin 0 0 0 -1 2 1 2 0 0 0 0/0 11:03 0:00 0:00
Brayden Schenn 1 2 3 3 0 3 1 1 1 0 12/22 19:08 2:13 3:46
Brendan Smith 1 1 2 0 0 3 0 1 0 0 0/0 27:43 2:07 2:48
Cory Emmerton 1 0 1 1 0 5 0 0 1 0 14/33 21:23 2:17 0:12
Daniel Sedin 0 0 0 1 0 2 2 0 0 0 0/0 9:01 0:13 1:09
Drew Stafford 0 0 0 1 0 2 2 1 1 2 0/0 21:31 2:43 1:01
Erik Gudbranson 0 0 0 0 2 4 3 1 1 0 0/0 27:02 2:49 0:00
George Parros 0 1 1 1 0 0 1 0 0 1 0/0 6:51 0:00 0:00
Guillaume Latendresse 1 0 1 1 2 6 2 0 0 0 1/2 23:03 2:56 2:21
Ian White 0 0 0 2 0 0 0 1 1 1 0/0 19:47 2:49 0:00
Jeff Tambellini 0 2 2 2 0 3 0 0 0 0 1/2 14:40 2:00 0:00
Jonathan Matsumoto 1 0 1 1 0 2 2 0 0 0 2/4 6:51 0:00 0:00
Jonathan Sigalet 0 1 1 2 0 0 1 0 0 0 0/0 12:30 0:00 2:49
Matthew Spiller 0 0 0 2 0 2 1 0 0 0 0/0 12:30 0:00 2:49
Michal Rozsival 0 2 2 2 0 1 0 1 0 1 0/0 20:27 2:07 2:48
Patrick Marleau 0 0 0 -1 2 3 1 0 0 0 1/1 11:26 0:26 0:00
Shawn Horcoff 0 0 0 0 0 0 2 0 0 0 3/4 13:42 0:00 2:45
Tomas Kopecky 1 1 2 2 0 3 0 0 0 0 0/0 14:40 2:00 0:00
3 Stars
1 - Brayden Schenn (Flo)
2 - Tomas Kopecky (Flo)
3 - Michal Rozsival (Flo)
Power Play
Blackhawks - 1 on 4 Attempt(s) - 25.00%
Panthers - 0 on 3 Attempt(s) - 0.00%
Penalty Kill
Blackhawks - 3 on 3 Attempt(s) - 100.00%
- Score 0 goal in Penalty Kill
Panthers - 3 on 4 Attempt(s) - 75.00%
- Score 1 goal in Penalty Kill
Team Stat
Blackhawks - Hits : 12 - Faceoff Wins : 34 - Blocked Shots : 9 - Penalty Minutes : 6
Panthers - Hits : 20 - Faceoff Wins : 34 - Blocked Shots : 6 - Penalty Minutes : 8
Official
Referees : Ciamaga Chris and Hebert Ghislain
Linesman : Dan Schachte and Bryan Pancich
Game Notes
16:32 of 2nd period - Blackhawks goal is going for a video replay. After video review, Goal.
Finance
Level 1 -- Attendance: 5068 (84.47%) -- Ticket Income $445,984
Level 2 -- Attendance: 4308 (86.16%) -- Ticket Income $236,940
Level 3 -- Attendance: 1075 (53.75%) -- Ticket Income $53,750
Level 4 -- Attendance: 2470 (61.75%) -- Ticket Income $79,040
Luxury Box -- Attendance: 829 (82.90%) -- Ticket Income $120,205
Game was played at the Bank Atlantic Cente.
Total Attendance: 13750 (76.39%)
Total Ticket Income: $935,919
Other Income: $140,388
Total Income: $1,076,307
Blackhawks
5 vs 5 Forward
Center Left Wing Right Wing Time % Phy DF OF
1 Derick Brassard Antoine Roussel Chad Larose 40 1 2 2
2 Peter Regin Tomas Fleischmann Tyler Kennedy 30 1 2 2
3 Ryan Johansen Taylor Pyatt Spencer Machacek 20 1 2 2
4 Steve Ott Jaden Schwartz Derick Brassard 10 1 2 2
5 vs 5 Defense
Defense Defense Time % Phy DF OF
1 Mike Green Joni Pitkanen 40 1 2 2
2 Denis Grebeshkov Ladislav Smid 30 1 2 2
3 Tomas Kaberle Kevin Marshall 20 1 2 2
4 Mike Green Joni Pitkanen 10 1 2 2
PowerPlay Forward
Center Left Wing Right Wing Time % Phy DF OF
1 Derick Brassard Antoine Roussel Chad Larose 60 1 2 2
2 Peter Regin Tomas Fleischmann Tyler Kennedy 40 1 2 2
PowerPlay Defense
Defense Defense Time % Phy DF OF
1 Mike Green Joni Pitkanen 60 1 2 2
2 Denis Grebeshkov Ladislav Smid 40 1 2 2
Penalty Kill 4 Players Forward
Center Wing Time % Phy DF OF
1 Derick Brassard Antoine Roussel 60 1 2 2
2 Peter Regin Tomas Fleischmann 40 1 2 2
Penalty Kill 4 Players Defense
Defense Defense Time % Phy DF OF
1 Mike Green Joni Pitkanen 60 1 2 2
2 Denis Grebeshkov Ladislav Smid 40 1 2 2
Penalty Kill - 3 Players Forward
Forward Time % Phy DF OF
1 Derick Brassard 60 1 2 2
2 Antoine Roussel 40 1 2 2
Penalty Kill - 3 Players Defense
Defense Defense Time % Phy DF OF
1 Mike Green Joni Pitkanen 60 1 2 2
2 Denis Grebeshkov Ladislav Smid 40 1 2 2
4 vs 4 Forward
Center Wing Time % Phy DF OF
1 Derick Brassard Antoine Roussel 60 1 2 2
2 Peter Regin Tomas Fleischmann 40 1 2 2
4 vs 4 Defense
Defense Defense Time % Phy DF OF
1 Mike Green Joni Pitkanen 60 1 2 2
2 Denis Grebeshkov Ladislav Smid 40 1 2 2
Last Minutes Offensive
Center Left Wing Right Wing Defense Defense
Derick Brassard Antoine Roussel Chad Larose Mike Green Joni Pitkanen
Last Minutes Defensive
Center Left Wing Right Wing Defense Defense
Derick Brassard Antoine Roussel Chad Larose Mike Green Joni Pitkanen
Goaltenders
Starting : Jimmy Howard
Backup : Al Montoya
Extra Forwards
Normal : Kyle Brodziak, Taylor Pyatt, Ryan Johansen - PP : Kyle Brodziak, Taylor Pyatt - PK : Ryan Johansen
Extra Defensemen
Normal : Tomas Kaberle, Kevin Marshall, Denis Grebeshkov - PP : Tomas Kaberle - PK : Kevin Marshall, Denis Grebeshkov
Penalty Shots
Derick Brassard, Antoine Roussel, Peter Regin, Tomas Fleischmann, Chad Larose
Scratches
None
Panthers
5 vs 5 Forward
Center Left Wing Right Wing Time % Phy DF OF
1 Cory Emmerton Guillaume Latendresse Drew Stafford 40 0 2 3
2 Brayden Schenn Jeff Tambellini Tomas Kopecky 30 0 2 3
3 Shawn Horcoff Patrick Marleau Alexander Perezhogin 20 0 3 2
4 Jonathan Matsumoto Daniel Sedin George Parros 10 1 2 2
5 vs 5 Defense
Defense Defense Time % Phy DF OF
1 Brendan Smith Erik Gudbranson 40 0 2 3
2 Ian White Michal Rozsival 30 0 2 3
3 Jonathan Sigalet Matthew Spiller 20 0 3 2
4 Ian White Erik Gudbranson 10 0 2 3
PowerPlay Forward
Center Left Wing Right Wing Time % Phy DF OF
1 Cory Emmerton Guillaume Latendresse Drew Stafford 60 0 1 4
2 Brayden Schenn Jeff Tambellini Tomas Kopecky 40 0 1 4
PowerPlay Defense
Defense Defense Time % Phy DF OF
1 Ian White Erik Gudbranson 60 0 2 3
2 Brendan Smith Michal Rozsival 40 0 2 3
Penalty Kill 4 Players Forward
Center Wing Time % Phy DF OF
1 Brayden Schenn Guillaume Latendresse 60 1 3 1
2 Shawn Horcoff Drew Stafford 40 1 3 1
Penalty Kill 4 Players Defense
Defense Defense Time % Phy DF OF
1 Brendan Smith Michal Rozsival 60 1 4 0
2 Matthew Spiller Jonathan Sigalet 40 1 4 0
Penalty Kill - 3 Players Forward
Forward Time % Phy DF OF
1 Brayden Schenn 60 0 4 1
2 Guillaume Latendresse 40 0 4 1
Penalty Kill - 3 Players Defense
Defense Defense Time % Phy DF OF
1 Brendan Smith Michal Rozsival 60 1 4 0
2 Matthew Spiller Jonathan Sigalet 40 1 4 0
4 vs 4 Forward
Center Wing Time % Phy DF OF
1 Cory Emmerton Guillaume Latendresse 60 0 2 3
2 Brayden Schenn Jeff Tambellini 40 0 2 3
4 vs 4 Defense
Defense Defense Time % Phy DF OF
1 Ian White Erik Gudbranson 60 1 2 2
2 Brendan Smith Michal Rozsival 40 1 2 2
Last Minutes Offensive
Center Left Wing Right Wing Defense Defense
Cory Emmerton Guillaume Latendresse Drew Stafford Ian White Brendan Smith
Last Minutes Defensive
Center Left Wing Right Wing Defense Defense
Brayden Schenn Guillaume Latendresse Drew Stafford Brendan Smith Matthew Spiller
Goaltenders
Starting : Petr Mrazek
Backup : Antti Niemi
Extra Forwards
Normal : Brayden Schenn, Guillaume Latendresse, Cory Emmerton - PP : Patrick Marleau, Daniel Sedin - PK : Shawn Horcoff
Extra Defensemen
Normal : Ian White, Erik Gudbranson, Brendan Smith - PP : Jonathan Sigalet - PK : Matthew Spiller, Erik Gudbranson
Penalty Shots
Guillaume Latendresse, Patrick Marleau, Jeff Tambellini, Daniel Sedin, Jonathan Matsumoto
Scratches
Pavel Kubina (Healthy)
% Time on Ice - Blackhawks
Lines # - Real PCT - Wanted PCT - Time Play
Normal Forward
1 - 38% - 40% - 18:10
2 - 29% - 30% - 14:16
3 - 25% - 20% - 11:52
4 - 9% - 10% - 4:08
Normal Defense
1 - 40% - 40% - 19:36
2 - 30% - 30% - 14:24
3 - 26% - 20% - 12:32
4 - 4% - 10% - 1:54
PP Forward
1 - 51% - 60% - 2:53
2 - 49% - 40% - 2:44
PP Defense
1 - 66% - 60% - 3:41
2 - 34% - 40% - 1:56
PK Forward
1 - 67% - 60% - 3:17
2 - 33% - 40% - 1:39
PK Defense
1 - 49% - 60% - 2:26
2 - 51% - 40% - 2:30
PK3 Forward
1 - 0% - 60%
2 - 0% - 40%
PK3 Defense
1 - 0% - 60%
2 - 0% - 40%
44 Forward
1 - 89% - 60% - 0:54
2 - 11% - 40% - 0:07
44 Defense
1 - 74% - 60% - 0:45
2 - 26% - 40% - 0:16
Last Minute Offensive - 0:00
Last Minute Defensive - 0:00
Total
Forward - 60:00
Defense - 60:00
|
% Time on Ice - Panthers
Lines # - Real PCT - Wanted PCT - Time Play
Normal Forward
1 - 37% - 40% - 17:58
2 - 26% - 30% - 12:40
3 - 23% - 20% - 10:57
4 - 14% - 10% - 6:51
Normal Defense
1 - 44% - 40% - 21:27
2 - 31% - 30% - 15:03
3 - 20% - 20% - 9:34
4 - 5% - 10% - 2:22
PP Forward
1 - 59% - 60% - 2:56
2 - 41% - 40% - 2:00
PP Defense
1 - 57% - 60% - 2:49
2 - 43% - 40% - 2:07
PK Forward
1 - 82% - 60% - 4:36
2 - 18% - 40% - 1:01
PK Defense
1 - 50% - 60% - 2:48
2 - 50% - 40% - 2:49
PK3 Forward
1 - 0% - 60%
2 - 0% - 40%
PK3 Defense
1 - 0% - 60%
2 - 0% - 40%
44 Forward
1 - 100% - 60% - 1:01
2 - 0% - 40% - 0:00
44 Defense
1 - 48% - 60% - 0:29
2 - 52% - 40% - 0:32
Last Minute Offensive - 0:00
Last Minute Defensive - 0:00
Total
Forward - 60:00
Defense - 60:00
|
Play by Play
1st period
0:01 of 1st period - Chad Larose wins face-off versus Cory Emmerton in neutral zone.
0:14 of 1st period - Wrist shot by Antoine Roussel.
0:14 of 1st period - Stopped by Petr Mrazek without a rebound.
0:15 of 1st period - Jeff Tambellini wins face-off versus Peter Regin in Panthers zone.
0:15 of 1st period - Jeff Tambellini is hit by Tomas Fleischmann.
0:47 of 1st period - Wrist shot by Ryan Johansen.
0:47 of 1st period - Shot Misses the Net.
0:49 of 1st period - Slapshot by Denis Grebeshkov.
0:49 of 1st period - Shot Misses the Net.
1:19 of 1st period - Steve Ott is hit by Drew Stafford and loses puck.
1:24 of 1st period - Snap shot by Cory Emmerton.
1:24 of 1st period - Shot Blocked by Steve Ott.
1:26 of 1st period - Slapshot by Michal Rozsival.
1:26 of 1st period - Stopped by Jimmy Howard without a rebound.
1:27 of 1st period - Jonathan Matsumoto wins face-off versus Peter Regin in Blackhawks zone.
1:54 of 1st period - Tomas Kopecky is hit by Antoine Roussel and loses puck.
2:17 of 1st period - Snap shot by Alexander Perezhogin.
2:17 of 1st period - Stopped by Jimmy Howard with a rebound.
2:19 of 1st period - Backhand shot by Matthew Spiller.
2:19 of 1st period - Stopped by Jimmy Howard without a rebound.
2:20 of 1st period - Peter Regin wins face-off versus Cory Emmerton in Blackhawks zone.
3:14 of 1st period - Off-side.
3:15 of 1st period - Cory Emmerton wins face-off versus Derick Brassard in neutral zone.
4:12 of 1st period - Wrist shot by Daniel Sedin.
4:12 of 1st period - Shot Misses the Net.
4:14 of 1st period - Slapshot by Jonathan Matsumoto.
4:14 of 1st period - Stopped by Jimmy Howard without a rebound.
4:15 of 1st period - Derick Brassard wins face-off versus Cory Emmerton in Blackhawks zone.
4:15 of 1st period - Derick Brassard is hit by Guillaume Latendresse.
4:27 of 1st period - Snap shot by Cory Emmerton.
4:27 of 1st period - Stopped by Jimmy Howard with a rebound.
4:29 of 1st period - Slapshot by Drew Stafford.
4:29 of 1st period - Deflect By Derick Brassard.
4:29 of 1st period - Stopped by Jimmy Howard without a rebound.
4:30 of 1st period - Shawn Horcoff wins face-off versus Tomas Fleischmann in Blackhawks zone.
4:43 of 1st period - Peter Regin is hit by Shawn Horcoff and loses puck.
5:22 of 1st period - Snap shot by Mike Green.
5:22 of 1st period - Shot Misses the Net.
6:16 of 1st period - Denis Grebeshkov is hit by Jonathan Sigalet and loses puck.
6:23 of 1st period - Snap shot by Drew Stafford.
6:23 of 1st period - Stopped by Jimmy Howard with a rebound.
6:56 of 1st period - Wrist shot by Daniel Sedin.
6:56 of 1st period - Stopped by Jimmy Howard without a rebound.
6:57 of 1st period - Derick Brassard wins face-off versus Jonathan Matsumoto in Blackhawks zone.
6:57 of 1st period - Derick Brassard is hit by Jonathan Matsumoto.
7:15 of 1st period - Kevin Marshall is hit by Jonathan Matsumoto and loses puck.
7:24 of 1st period - Snap shot by Daniel Sedin.
7:24 of 1st period - Shot Misses the Net.
7:26 of 1st period - Minor Penalty to Tomas Kaberle for Holding.
7:27 of 1st period - Cory Emmerton wins face-off versus Antoine Roussel in Blackhawks zone.
7:28 of 1st period - Slapshot by Drew Stafford.
7:28 of 1st period - Shot Blocked by Mike Green.
7:38 of 1st period - Snap shot by Drew Stafford.
7:38 of 1st period - Shot Misses the Net.
7:40 of 1st period - Wrist shot by Cory Emmerton.
7:40 of 1st period - Shot Misses the Net.
7:42 of 1st period - Snap shot by Guillaume Latendresse.
7:42 of 1st period - Shot Misses the Net.
8:13 of 1st period - Snap shot by Tomas Fleischmann.
8:13 of 1st period - Stopped by Petr Mrazek with a rebound.
9:18 of 1st period - Brendan Smith is hit by Ryan Johansen and loses puck.
9:26 of 1st period - Penalty to Tomas Kaberle is over, Tomas Kaberle is back on ice.
9:54 of 1st period - Joni Pitkanen is hit by Matthew Spiller and loses puck.
10:01 of 1st period - Matthew Spiller is hit by Tomas Kaberle and loses puck.
10:06 of 1st period - Slapshot by Ryan Johansen.
10:06 of 1st period - Stopped by Petr Mrazek without a rebound.
10:07 of 1st period - Shawn Horcoff wins face-off versus Peter Regin in Panthers zone.
10:09 of 1st period - Minor Penalty to Patrick Marleau for Hooking.
10:10 of 1st period - Derick Brassard wins face-off versus Brayden Schenn in Panthers zone.
10:42 of 1st period - Tomas Fleischmann is hit by Brayden Schenn and loses puck.
11:07 of 1st period - Denis Grebeshkov is hit by Shawn Horcoff and loses puck.
12:09 of 1st period - Penalty to Patrick Marleau is over, Patrick Marleau is back on ice.
12:52 of 1st period - Minor Penalty to Tomas Kaberle for Holding Stick.
12:53 of 1st period - Derick Brassard wins face-off versus Cory Emmerton in Blackhawks zone.
13:27 of 1st period - Snap shot by Tomas Kopecky.
13:27 of 1st period - Shot Misses the Net.
14:52 of 1st period - Penalty to Tomas Kaberle is over, Tomas Kaberle is back on ice.
15:09 of 1st period - Snap shot by Peter Regin.
15:09 of 1st period - Shot Blocked by Michal Rozsival.
15:28 of 1st period - Slapshot by Tomas Fleischmann.
15:28 of 1st period - Shot Misses the Net.
15:30 of 1st period - Snap shot by Peter Regin.
15:30 of 1st period - Stopped by Petr Mrazek with a rebound.
15:36 of 1st period - Snap shot by Tomas Kaberle.
15:36 of 1st period - Stopped by Petr Mrazek without a rebound.
15:37 of 1st period - Ryan Johansen wins face-off versus Jonathan Matsumoto in Panthers zone.
15:59 of 1st period - Icing by Ryan Johansen.
16:00 of 1st period - Cory Emmerton wins face-off versus Ryan Johansen in Blackhawks zone.
16:08 of 1st period - Off-side.
16:09 of 1st period - Cory Emmerton wins face-off versus Derick Brassard in neutral zone.
16:14 of 1st period - Slapshot by Erik Gudbranson.
16:14 of 1st period - Stopped by Jimmy Howard with a rebound.
16:42 of 1st period - Snap shot by Tomas Kopecky.
16:42 of 1st period - Stopped by Jimmy Howard with a rebound.
16:44 of 1st period - Snap shot by Tomas Kopecky.
16:44 of 1st period - Goal by Tomas Kopecky - Blackhawks : 0 - Panthers : 1.
16:45 of 1st period - Derick Brassard wins face-off versus Cory Emmerton in neutral zone.
16:50 of 1st period - Slapshot by Denis Grebeshkov.
16:50 of 1st period - Shot Misses the Net.
17:11 of 1st period - Ladislav Smid is hit by Erik Gudbranson and loses puck.
17:40 of 1st period - Snap shot by Ryan Johansen.
17:40 of 1st period - Stopped by Petr Mrazek without a rebound.
17:41 of 1st period - Taylor Pyatt wins face-off versus Cory Emmerton in Panthers zone.
18:00 of 1st period - Icing by Drew Stafford.
18:01 of 1st period - Derick Brassard wins face-off versus Cory Emmerton in Panthers zone.
18:14 of 1st period - Wrist shot by Brendan Smith.
18:14 of 1st period - Stopped by Jimmy Howard without a rebound.
18:15 of 1st period - Brayden Schenn wins face-off versus Derick Brassard in Blackhawks zone.
18:18 of 1st period - Snap shot by Tomas Kopecky.
18:18 of 1st period - Shot Blocked by Derick Brassard.
19:03 of 1st period - Off-side.
19:04 of 1st period - Ryan Johansen wins face-off versus Shawn Horcoff in neutral zone.
19:09 of 1st period - Wrist shot by Ryan Johansen.
19:09 of 1st period - Stopped by Petr Mrazek with a rebound.
19:11 of 1st period - Wrist shot by Spencer Machacek.
19:11 of 1st period - Stopped by Petr Mrazek without a rebound.
19:12 of 1st period - Cory Emmerton wins face-off versus Derick Brassard in Panthers zone.
19:59 of 1st period - Wrist shot by Ryan Johansen.
19:59 of 1st period - Shot Misses the Net.
Goals for this period are 0 for Blackhawks vs 1 for Panthers.
Shots for this period are 8 for Blackhawks vs 12 for Panthers.
2nd period
0:01 of 2nd period - Derick Brassard wins face-off versus Guillaume Latendresse in neutral zone.
0:31 of 2nd period - Wrist shot by Antoine Roussel.
0:31 of 2nd period - Stopped by Petr Mrazek with a rebound.
0:33 of 2nd period - Slapshot by Derick Brassard.
0:33 of 2nd period - Goal by Derick Brassard - Blackhawks : 1 - Panthers : 1.
0:34 of 2nd period - Peter Regin wins face-off versus Cory Emmerton in neutral zone.
0:44 of 2nd period - Icing by Erik Gudbranson.
0:45 of 2nd period - Antoine Roussel wins face-off versus Cory Emmerton in Panthers zone.
0:46 of 2nd period - Snap shot by Derick Brassard.
0:46 of 2nd period - Stopped by Petr Mrazek without a rebound.
0:47 of 2nd period - Derick Brassard wins face-off versus Cory Emmerton in Panthers zone.
1:19 of 2nd period - Slapshot by Guillaume Latendresse.
1:19 of 2nd period - Deflect By Derick Brassard.
1:19 of 2nd period - Stopped by Jimmy Howard with a rebound.
1:21 of 2nd period - Slapshot by Erik Gudbranson.
1:21 of 2nd period - Stopped by Jimmy Howard without a rebound.
1:22 of 2nd period - Peter Regin wins face-off versus Brayden Schenn in Blackhawks zone.
4:04 of 2nd period - Wrist shot by Peter Regin.
4:04 of 2nd period - Shot Misses the Net.
4:06 of 2nd period - Snap shot by Tomas Fleischmann.
4:06 of 2nd period - Stopped by Petr Mrazek with a rebound.
4:52 of 2nd period - Tomas Fleischmann is hit by George Parros and loses puck.
5:23 of 2nd period - Drew Stafford is hit by Spencer Machacek and loses puck.
5:43 of 2nd period - Ian White is hit by Tomas Fleischmann.
6:03 of 2nd period - Minor Penalty to Alexander Perezhogin for Hooking.
6:04 of 2nd period - Guillaume Latendresse wins face-off versus Peter Regin in Panthers zone.
6:53 of 2nd period - Snap shot by Peter Regin.
6:53 of 2nd period - Deflect By Jonathan Sigalet.
6:53 of 2nd period - Stopped by Petr Mrazek without a rebound.
6:54 of 2nd period - Derick Brassard wins face-off versus Brayden Schenn in Panthers zone.
7:03 of 2nd period - Wrist shot by Derick Brassard.
7:03 of 2nd period - Shot Misses the Net.
7:05 of 2nd period - Slapshot by Denis Grebeshkov.
7:05 of 2nd period - Stopped by Petr Mrazek with a rebound.
7:07 of 2nd period - Slapshot by Antoine Roussel.
7:07 of 2nd period - Stopped by Petr Mrazek with a rebound.
7:09 of 2nd period - Wrist shot by Antoine Roussel.
7:09 of 2nd period - Deflect By Derick Brassard.
7:09 of 2nd period - Stopped by Petr Mrazek with a rebound.
7:11 of 2nd period - Wrist shot by Derick Brassard.
7:11 of 2nd period - Stopped by Petr Mrazek with a rebound.
8:03 of 2nd period - Penalty to Alexander Perezhogin is over, Alexander Perezhogin is back on ice.
8:23 of 2nd period - Snap shot by Spencer Machacek.
8:23 of 2nd period - Shot Blocked by Erik Gudbranson.
8:25 of 2nd period - Snap shot by Kevin Marshall.
8:25 of 2nd period - Shot Misses the Net.
8:35 of 2nd period - Derick Brassard is hit by Patrick Marleau and loses puck.
8:40 of 2nd period - Slapshot by Patrick Marleau.
8:40 of 2nd period - Stopped by Jimmy Howard with a rebound.
9:57 of 2nd period - Icing by Jonathan Sigalet.
9:58 of 2nd period - Peter Regin wins face-off versus Brayden Schenn in Panthers zone.
10:35 of 2nd period - Snap shot by Antoine Roussel.
10:35 of 2nd period - Stopped by Petr Mrazek with a rebound.
10:37 of 2nd period - Wrist shot by Antoine Roussel.
10:37 of 2nd period - Stopped by Petr Mrazek without a rebound.
10:38 of 2nd period - Derick Brassard wins face-off versus Brayden Schenn in Panthers zone.
11:05 of 2nd period - Chad Larose is hit by Guillaume Latendresse and loses puck.
11:49 of 2nd period - Snap shot by Antoine Roussel.
11:49 of 2nd period - Stopped by Petr Mrazek without a rebound.
11:50 of 2nd period - Cory Emmerton wins face-off versus Peter Regin in Panthers zone.
12:17 of 2nd period - Ian White is hit by Taylor Pyatt and loses puck.
12:36 of 2nd period - Snap shot by Jaden Schwartz.
12:36 of 2nd period - Shot Misses the Net.
12:38 of 2nd period - Slapshot by Denis Grebeshkov.
12:38 of 2nd period - Shot Misses the Net.
12:40 of 2nd period - Snap shot by Jaden Schwartz.
12:40 of 2nd period - Shot Misses the Net.
12:42 of 2nd period - Backhand shot by Denis Grebeshkov.
12:42 of 2nd period - Shot Misses the Net.
12:44 of 2nd period - Slapshot by Tomas Kaberle.
12:44 of 2nd period - Shot Misses the Net.
12:46 of 2nd period - Slapshot by Kevin Marshall.
12:46 of 2nd period - Stopped by Petr Mrazek with a rebound.
12:48 of 2nd period - Slapshot by Kevin Marshall.
12:48 of 2nd period - Shot Blocked by Ian White.
13:32 of 2nd period - Snap shot by Jeff Tambellini.
13:32 of 2nd period - Shot Misses the Net.
13:34 of 2nd period - Wrist shot by Jeff Tambellini.
13:34 of 2nd period - Stopped by Jimmy Howard without a rebound.
13:35 of 2nd period - Ryan Johansen wins face-off versus Brayden Schenn in Blackhawks zone.
13:37 of 2nd period - Icing by Mike Green.
13:38 of 2nd period - Cory Emmerton wins face-off versus Ryan Johansen in Blackhawks zone.
13:43 of 2nd period - Snap shot by Guillaume Latendresse.
13:43 of 2nd period - Stopped by Jimmy Howard without a rebound.
13:44 of 2nd period - Cory Emmerton wins face-off versus Taylor Pyatt in Blackhawks zone.
14:11 of 2nd period - Wrist shot by Brayden Schenn.
14:11 of 2nd period - Deflect By Antoine Roussel.
14:11 of 2nd period - Stopped by Jimmy Howard without a rebound.
14:12 of 2nd period - Brayden Schenn wins face-off versus Derick Brassard in Blackhawks zone.
14:13 of 2nd period - Snap shot by Jeff Tambellini.
14:13 of 2nd period - Stopped by Jimmy Howard without a rebound.
14:14 of 2nd period - Chad Larose wins face-off versus Cory Emmerton in Blackhawks zone.
14:23 of 2nd period - Snap shot by Guillaume Latendresse.
14:23 of 2nd period - Stopped by Jimmy Howard without a rebound.
14:24 of 2nd period - Derick Brassard wins face-off versus Cory Emmerton in Blackhawks zone.
14:33 of 2nd period - Wrist shot by Derick Brassard.
14:33 of 2nd period - Shot Blocked by Brendan Smith.
15:51 of 2nd period - Minor Penalty to Erik Gudbranson for Tripping.
15:52 of 2nd period - Brayden Schenn wins face-off versus Derick Brassard in Panthers zone.
16:02 of 2nd period - Snap shot by Antoine Roussel.
16:02 of 2nd period - Stopped by Petr Mrazek with a rebound.
16:04 of 2nd period - Snap shot by Antoine Roussel.
16:04 of 2nd period - Stopped by Petr Mrazek with a rebound.
16:30 of 2nd period - Slapshot by Joni Pitkanen.
16:30 of 2nd period - Shot Blocked by Brayden Schenn.
16:32 of 2nd period - Snap shot by Tomas Fleischmann.
16:32 of 2nd period - Blackhawks goal is going for a video replay.
16:32 of 2nd period - The goal is good.
16:32 of 2nd period - Goal by Tomas Fleischmann - Blackhawks : 2 - Panthers : 1.
16:33 of 2nd period - Derick Brassard wins face-off versus Cory Emmerton in neutral zone.
16:56 of 2nd period - Minor Penalty to Guillaume Latendresse for Holding.
16:57 of 2nd period - Brayden Schenn wins face-off versus Derick Brassard in Panthers zone.
16:57 of 2nd period - Brayden Schenn is hit by Chad Larose.
17:03 of 2nd period - Slapshot by Michal Rozsival.
17:03 of 2nd period - Shot Blocked by Joni Pitkanen.
17:05 of 2nd period - Slapshot by Brayden Schenn.
17:05 of 2nd period - Stopped by Jimmy Howard with a rebound.
17:07 of 2nd period - Wrist shot by Brendan Smith.
17:07 of 2nd period - Shot Blocked by Joni Pitkanen.
17:09 of 2nd period - Slapshot by Brendan Smith.
17:09 of 2nd period - Goal by Brendan Smith - Blackhawks : 2 - Panthers : 2.
17:10 of 2nd period - Derick Brassard wins face-off versus Brayden Schenn in neutral zone.
17:37 of 2nd period - Brendan Smith is hit by Mike Green and loses puck.
17:46 of 2nd period - Snap shot by Tyler Kennedy.
17:46 of 2nd period - Stopped by Petr Mrazek without a rebound.
17:47 of 2nd period - Brayden Schenn wins face-off versus Peter Regin in Panthers zone.
17:54 of 2nd period - Minor Penalty to Tyler Kennedy for Diving.
17:55 of 2nd period - Derick Brassard wins face-off versus Cory Emmerton in Blackhawks zone.
18:22 of 2nd period - Joni Pitkanen is hit by Erik Gudbranson and loses puck.
18:56 of 2nd period - Penalty to Guillaume Latendresse is over, Guillaume Latendresse is back on ice.
19:12 of 2nd period - Slapshot by Brendan Smith.
19:12 of 2nd period - Deflect By Drew Stafford.
19:12 of 2nd period - Shot Misses the Net.
19:12 of 2nd period - Puck is out of play.
19:13 of 2nd period - Patrick Marleau wins face-off versus Peter Regin in Blackhawks zone.
19:52 of 2nd period - Off-side.
19:53 of 2nd period - Cory Emmerton wins face-off versus Peter Regin in neutral zone.
19:54 of 2nd period - Penalty to Tyler Kennedy is over, Tyler Kennedy is back on ice.
19:58 of 2nd period - Snap shot by Cory Emmerton.
19:58 of 2nd period - Stopped by Jimmy Howard with a rebound.
Goals for this period are 2 for Blackhawks vs 1 for Panthers.
Shots for this period are 17 for Blackhawks vs 11 for Panthers.
3rd period
0:01 of 3rd period - Brayden Schenn wins face-off versus Derick Brassard in neutral zone.
0:30 of 3rd period - Wrist shot by Taylor Pyatt.
0:30 of 3rd period - Stopped by Petr Mrazek without a rebound.
0:31 of 3rd period - Cory Emmerton wins face-off versus Ryan Johansen in Panthers zone.
0:59 of 3rd period - Snap shot by Taylor Pyatt.
0:59 of 3rd period - Stopped by Petr Mrazek without a rebound.
1:00 of 3rd period - Shawn Horcoff wins face-off versus Derick Brassard in Panthers zone.
1:28 of 3rd period - Icing by Tomas Fleischmann.
1:29 of 3rd period - Cory Emmerton wins face-off versus Peter Regin in Blackhawks zone.
2:15 of 3rd period - Wrist shot by Cory Emmerton.
2:15 of 3rd period - Stopped by Jimmy Howard without a rebound.
2:16 of 3rd period - Derick Brassard wins face-off versus Jeff Tambellini in Blackhawks zone.
2:21 of 3rd period - Wrist shot by Tomas Kaberle.
2:21 of 3rd period - Stopped by Petr Mrazek without a rebound.
2:22 of 3rd period - Brayden Schenn wins face-off versus Derick Brassard in Panthers zone.
3:24 of 3rd period - Jaden Schwartz is hit by Daniel Sedin.
4:07 of 3rd period - Snap shot by Tyler Kennedy.
4:07 of 3rd period - Stopped by Petr Mrazek with a rebound.
4:30 of 3rd period - Snap shot by Antoine Roussel.
4:30 of 3rd period - Shot Misses the Net.
4:48 of 3rd period - George Parros is hit by Derick Brassard and loses puck.
4:55 of 3rd period - Slapshot by Erik Gudbranson.
4:55 of 3rd period - Stopped by Jimmy Howard with a rebound.
5:11 of 3rd period - Kevin Marshall is hit by Erik Gudbranson and loses puck.
5:36 of 3rd period - Snap shot by Tomas Kopecky.
5:36 of 3rd period - Stopped by Jimmy Howard with a rebound.
5:38 of 3rd period - Snap shot by Jeff Tambellini.
5:38 of 3rd period - Stopped by Jimmy Howard with a rebound.
5:50 of 3rd period - Backhand shot by Jonathan Matsumoto.
5:50 of 3rd period - Goal by Jonathan Matsumoto - Blackhawks : 2 - Panthers : 3.
5:51 of 3rd period - Brayden Schenn wins face-off versus Peter Regin in neutral zone.
5:53 of 3rd period - Off-side.
5:54 of 3rd period - Peter Regin wins face-off versus Brayden Schenn in neutral zone.
6:01 of 3rd period - Snap shot by Jeff Tambellini.
6:01 of 3rd period - Shot Blocked by Tyler Kennedy.
6:03 of 3rd period - Snap shot by Jeff Tambellini.
6:03 of 3rd period - Shot Misses the Net.
6:19 of 3rd period - Wrist shot by Guillaume Latendresse.
6:19 of 3rd period - Shot Misses the Net.
6:21 of 3rd period - Snap shot by Guillaume Latendresse.
6:21 of 3rd period - Stopped by Jimmy Howard with a rebound.
6:23 of 3rd period - Snap shot by Cory Emmerton.
6:23 of 3rd period - Stopped by Jimmy Howard with a rebound.
6:25 of 3rd period - Wrist shot by Guillaume Latendresse.
6:25 of 3rd period - Shot Blocked by Antoine Roussel.
6:27 of 3rd period - Slapshot by Matthew Spiller.
6:27 of 3rd period - Stopped by Jimmy Howard without a rebound.
6:28 of 3rd period - Brayden Schenn wins face-off versus Derick Brassard in Blackhawks zone.
6:41 of 3rd period - Slapshot by Ladislav Smid.
6:41 of 3rd period - Deflect By Derick Brassard.
6:41 of 3rd period - Stopped by Petr Mrazek with a rebound.
6:43 of 3rd period - Snap shot by Derick Brassard.
6:43 of 3rd period - Stopped by Petr Mrazek with a rebound.
6:59 of 3rd period - Slapshot by Erik Gudbranson.
6:59 of 3rd period - Stopped by Jimmy Howard without a rebound.
7:00 of 3rd period - Derick Brassard wins face-off versus Cory Emmerton in Blackhawks zone.
7:07 of 3rd period - Slapshot by Kevin Marshall.
7:07 of 3rd period - Stopped by Petr Mrazek without a rebound.
7:08 of 3rd period - Derick Brassard wins face-off versus Cory Emmerton in Panthers zone.
7:34 of 3rd period - Cory Emmerton is hit by Antoine Roussel and loses puck.
7:45 of 3rd period - Snap shot by Guillaume Latendresse.
7:45 of 3rd period - Goal by Guillaume Latendresse - Blackhawks : 2 - Panthers : 4.
7:46 of 3rd period - Peter Regin wins face-off versus Brayden Schenn in neutral zone.
8:11 of 3rd period - Cory Emmerton is hit by Antoine Roussel and loses puck.
8:38 of 3rd period - Mike Green is hit by Alexander Perezhogin and loses puck.
8:55 of 3rd period - Wrist shot by Jaden Schwartz.
8:55 of 3rd period - Stopped by Petr Mrazek without a rebound.
8:56 of 3rd period - Brayden Schenn wins face-off versus Peter Regin in Panthers zone.
9:48 of 3rd period - Snap shot by Daniel Sedin.
9:48 of 3rd period - Stopped by Jimmy Howard without a rebound.
9:49 of 3rd period - Jonathan Matsumoto wins face-off versus Tomas Fleischmann in Blackhawks zone.
9:52 of 3rd period - Wrist shot by George Parros.
9:52 of 3rd period - Shot Blocked by Tomas Kaberle.
10:26 of 3rd period - Snap shot by Brayden Schenn.
10:26 of 3rd period - Goal by Brayden Schenn - Blackhawks : 2 - Panthers : 5.
10:27 of 3rd period - Cory Emmerton wins face-off versus Derick Brassard in neutral zone.
10:42 of 3rd period - Slapshot by Cory Emmerton.
10:42 of 3rd period - Goal by Cory Emmerton - Blackhawks : 2 - Panthers : 6.
10:43 of 3rd period - Brayden Schenn wins face-off versus Derick Brassard in neutral zone.
12:04 of 3rd period - Snap shot by Tomas Kopecky.
12:04 of 3rd period - Shot Misses the Net.
12:22 of 3rd period - Snap shot by Antoine Roussel.
12:22 of 3rd period - Stopped by Petr Mrazek with a rebound.
12:24 of 3rd period - Backhand shot by Chad Larose.
12:24 of 3rd period - Stopped by Petr Mrazek without a rebound.
12:25 of 3rd period - Derick Brassard wins face-off versus Cory Emmerton in Panthers zone.
12:26 of 3rd period - Snap shot by Antoine Roussel.
12:26 of 3rd period - Shot Blocked by Drew Stafford.
12:28 of 3rd period - Snap shot by Antoine Roussel.
12:28 of 3rd period - Shot Misses the Net.
12:36 of 3rd period - Snap shot by Derick Brassard.
12:36 of 3rd period - Goal by Derick Brassard - Blackhawks : 3 - Panthers : 6.
12:37 of 3rd period - Cory Emmerton wins face-off versus Derick Brassard in neutral zone.
13:36 of 3rd period - Wrist shot by Daniel Sedin.
13:36 of 3rd period - Shot Blocked by Mike Green.
13:54 of 3rd period - Snap shot by Michal Rozsival.
13:54 of 3rd period - Shot Misses the Net.
14:28 of 3rd period - Wrist shot by Jeff Tambellini.
14:28 of 3rd period - Deflect By Kevin Marshall.
14:28 of 3rd period - Shot Misses the Net.
14:28 of 3rd period - Puck is out of play.
14:29 of 3rd period - Peter Regin wins face-off versus Brayden Schenn in Blackhawks zone.
14:54 of 3rd period - Tomas Fleischmann is hit by Alexander Perezhogin and loses puck.
15:59 of 3rd period - Joni Pitkanen is hit by Daniel Sedin and loses puck.
16:33 of 3rd period - Slapshot by Brendan Smith.
16:33 of 3rd period - Deflect By Denis Grebeshkov.
16:33 of 3rd period - Stopped by Jimmy Howard without a rebound.
16:34 of 3rd period - Derick Brassard wins face-off versus Cory Emmerton in Blackhawks zone.
16:34 of 3rd period - Derick Brassard is hit by Drew Stafford.
17:27 of 3rd period - Wrist shot by Shawn Horcoff.
17:27 of 3rd period - Shot Misses the Net.
17:46 of 3rd period - Snap shot by Guillaume Latendresse.
17:46 of 3rd period - Stopped by Jimmy Howard without a rebound.
17:47 of 3rd period - Brayden Schenn wins face-off versus Peter Regin in Blackhawks zone.
18:00 of 3rd period - Wrist shot by Tyler Kennedy.
18:00 of 3rd period - Stopped by Petr Mrazek with a rebound.
18:02 of 3rd period - Slapshot by Ladislav Smid.
18:02 of 3rd period - Deflect By Tyler Kennedy.
18:02 of 3rd period - Shot Misses the Net.
18:02 of 3rd period - Puck is out of play.
18:03 of 3rd period - Derick Brassard wins face-off versus Cory Emmerton in Panthers zone.
18:07 of 3rd period - Icing by Brendan Smith.
18:08 of 3rd period - Cory Emmerton wins face-off versus Derick Brassard in Panthers zone.
18:21 of 3rd period - Snap shot by Antoine Roussel.
18:21 of 3rd period - Deflect By Derick Brassard.
18:21 of 3rd period - Stopped by Petr Mrazek with a rebound.
19:26 of 3rd period - Snap shot by Patrick Marleau.
19:26 of 3rd period - Shot Misses the Net.
19:28 of 3rd period - Wrist shot by Patrick Marleau.
19:28 of 3rd period - Stopped by Jimmy Howard with a rebound.
19:42 of 3rd period - Wrist shot by Patrick Marleau.
19:42 of 3rd period - Stopped by Jimmy Howard with a rebound.
19:44 of 3rd period - Slapshot by Patrick Marleau.
19:44 of 3rd period - Shot Misses the Net.
Goals for this period are 1 for Blackhawks vs 4 for Panthers.
Shots for this period are 13 for Blackhawks vs 17 for Panthers.
Back to the Top